Map: Frost LE

Players

ByRada

  • Race: Zerg Zerg
  • League: Grandmaster

Cham - Winner!

  • Race: Zerg Zerg

Event: WCS Copa Intercontinental

VOD

Have the link to the VOD?

Description

Time

  • Played on: Sept. 9, 2016, 2:48 p.m.
  • Length: 4:33

All games in this series

Show
View Real Time Build Order
Export as new Build Order

ByRada Zerg 

Build Orders: Hatch First 

Get SALT Encoding   

  12  0:01  Drone  
  13  0:07  Drone  
  14  0:16  Overlord  
  14  0:21  Extractor  
  13  0:24  Drone  
  15  0:35  Drone x2  
  17  0:53  Hatchery  
  17  0:55  Drone  
  17  0:59  Drone  
  17  1:01  Extractor  
  17  1:15  Spawning Pool  
  17  1:18  Drone  
  17  1:21  Drone  
  18  1:27  Drone  
  19  1:37  Overlord  
  19  2:02  Queen, Zergling x2  
  19  2:03  Zergling x2  
  19  2:04  Metabolic Boost  
  19  2:06  Zergling x2  
  24  2:10  Queen  
  24  2:14  Drone  
  27  2:18  Drone  
  27  2:21  Drone  
  29  2:27  Drone  
  30  2:32  Baneling Nest  
  30  2:36  Overlord  
  29  2:43  Drone x2  
  31  2:53  Drone x2  
  33  3:06  Hatchery  
  33  3:11  Zergling x2  
  33  3:12  Zergling x4  
  35  3:18  Drone  
  35  3:20  Drone x2  
  35  3:23  Zergling x4  
  39  3:27  Baneling x3  
  39  3:28  Baneling  
  39  3:31  Zergling x2  
  40  3:36  Zergling x4  
  41  3:43  Zergling x4  
  42  4:05  Zergling x4  
  44  4:12  Overlord  
Show
View Real Time Build Order
Export as new Build Order

Cham Zerg - Winner!

Build Orders: Hatch First 

Get SALT Encoding   

  12  0:00  Drone  
  13  0:08  Drone  
  14  0:17  Overlord  
  14  0:36  Drone x3  
  17  0:49  Extractor  
  16  0:55  Hatchery  
  15  0:59  Drone  
  15  1:02  Drone  
  17  1:08  Drone  
  18  1:19  Drone  
  19  1:29  Evolution Chamber  
  18  1:34  Spawning Pool  
  18  1:37  Drone  
  18  1:41  Drone  
  19  1:54  Zerg Melee Weapons Level 1  
  19  2:10  Overlord  
  19  2:20  Queen x2  
  19  2:21  Zergling x2  
  24  2:25  Zergling x2  
  25  2:32  Metabolic Boost  
  25  2:42  Zergling x2  
  26  2:44  Overlord  
  26  2:48  Overlord  
  26  2:53  Evolution Chamber  
  26  2:55  Zergling x2  
  26  2:59  Zergling x2  
  26  3:01  Zergling x2  
  28  3:07  Zergling x4  
  28  3:10  Zergling x2  
  31  3:16  Zergling x2  
  31  3:19  Zergling x2  
  34  3:21  Zergling x2  
  35  3:28  Zergling x2  
  35  3:31  Zergling x8  
  35  3:34  Zergling x2  
  41  3:35  Zergling x2  
  39  3:41  Zergling x2  
  39  3:43  Zergling x2  
  39  3:44  Zergling x2  
  42  3:55  Zergling x4  
  44  3:59  Zergling x2  
  44  4:00  Zergling x4  
  47  4:05  Zergling x4  
  48  4:10  Zergling x2  
  48  4:11  Zergling x2  
  48  4:13  Zergling x2  
Tags
 
Add a new tag
Caveats
  • Supply blocks, unpowered buildings, or Contaminate may cause inaccurate times.
  • Supply counts are checked every 10 seconds.